[Event "Late-Titled-Tuesday-Blitz-March-12-2024"]
[Site "Chess.com"]
[Date "2024.03.12"]
[Round "3"]
[White "Sanan_Sjugirov"]
[Black "Rud_2008"]
[Result "0-1"]
[WhiteElo "2991"]
[BlackElo "2781"]
[TimeControl "180+1"]
[EndTime "14:27:58 PDT"]
[Termination "Rud_2008 won on time"]

1. e4 e5 2. Nf3 Nc6 3. Bb5 a6 4. Ba4 Nf6 5. O-O Be7 6. d3 b5 7.
Bb3 O-O 8. a4 b4 9. Re1 d6 10.
Nbd2 Bg4 11. h3 Bh5 12. c3 Rb8 13. Bc2 d5 14. a5 Bc5 15. Qe2 bxc3 16. bxc3 d4 17.
g4 Bg6 18. Nb3 Ba7 19. cxd4 exd4 20. Bg5 Re8 21. Nbd2 Nb4 22. Ba4 Re6 23. Bb3 Re8 24.
Rac1 c5 25. Bc4 Qxa5 26. Bxf6 gxf6 27. h4 h6 28. h5 Bh7 29. Nh4 Qc7 30. Nf1 Rbd8 31.
Ng3 Bb8 32. Ra1 a5 33. Kg2 Nc6 34. Rh1 Ne5 35. Bb5 Rf8 36. Ngf5 Bxf5 37. Nxf5 Kh7 38. f4 Nd7 39. Bxd7 Rxd7 40. Raf1 Rg8 41. Kh3 c4 42. Rf3 c3 43. Rc1 a4 44. Qc2 Qc6 45.
Rg1 Ra7 46. Qa2 a3 47. Rfg3 Qe6 48. e5 Qxa2 49. exf6 Qe6 50. g5 Qxf5+ 0-1

[Event "Late-Titled-Tuesday-Blitz-March-12-2024"]
[Site "Chess.com"]
[Date "2024.03.12"]
[Round "3"]
[White "ChessLover0108"]
[Black "Mikhail_Bryakin"]
[Result "1-0"]
[WhiteElo "2947"]
[BlackElo "2732"]
[TimeControl "180+1"]
[EndTime "14:27:59 PDT"]
[Termination "ChessLover0108 won on time"]

1. c4 Nf6 2. Nf3 c6 3. e3 d5 4. Nc3 Bg4 5. cxd5 Bxf3 6. gxf3 cxd5 7. Qb3 Qd7 8. d4 Nc6 9. Bd2 e6 10. Rc1 Be7 11. Na4 O-O 12. Bb5 Rfc8 13. O-O Qd6 14. a3 Bf8 15. Nc5 Rab8 16. f4 g6 17. Rc2 a6 18.
Bd3 Nd7 19. Nxb7 Qc7 20. Bxa6 Nxd4 21. Rxc7 Nxb3 22. Rxc8 Rxc8 23. Bc3 Rb8 24. a4 Nb6 25. a5 Nc4 26. Bxc4 dxc4 27. a6 Ra8 28. Rd1 Rxa6 29. Rd8 Rb6 30. Rd7 h5 31. Nd8 Rd6 32. Rxf7 Rxd8 33.
Rf6 Re8 34. Rxg6+ Kf7 35. Rg5 Nc1 36. Kf1 Nd3 37. Rxh5 Rb8 38. Rh7+ Kg6 39. Rc7 Nxb2 40. Rc6 Nd3 41. Rxc4 Kf7 42. Ke2 Nb2 43. Rc7+ Ke8 44. Be5 Na4 45. Rc6 Rb4 46. Rxe6+ Kf7 47. Rf6+ Ke8 48.
Rxf8+ Kxf8 49. Bd6+ 1-0

[Event "Late-Titled-Tuesday-Blitz-March-12-2024"]
[Site "Chess.com"]
[Date "2024.03.12"]
[Round "3"]
[White "David_ATM"]
[Black "karinachess1"]
[Result "0-1"]
[WhiteElo "2384"]
[BlackElo "2608"]
[TimeControl "180+1"]
[EndTime "14:28:00 PDT"]
[Termination "karinachess1 won by checkmate"]

1. e4 e5 2. Nf3 Nc6 3. Bb5 Nge7 4. Nc3 Ng6 5. d4 exd4 6. Nxd4 Nxd4 7. Qxd4 c6 8. Bc4 b5 9. Bb3 Qb6 10. Qxb6 axb6 11. Be3 Bc5 12. Nd1 O-O 13. O-O d6 14. c3 Be6 15. Bxe6 fxe6 16. f3 Ra7 17. a3 Ne5 18.
Rb1 Nc4 19. Bxc5 bxc5 20. Rf2 Rd8 21. Re2 Kf7 22. Ne3 Ne5 23. Rd2 c4 24. Nc2 c5 25.
Rbd1 Ke7 26. Kf1 g5 27. Ke2 Rad7 28. Ke3 d5 29. exd5 exd5 30. Ke2 Nd3 31. Ne1 Nf4+ 32. Kf2 d4 33. cxd4 cxd4 34. g3 Ne6 35. Nc2 d3 36. Nb4 Kf6 37. Re1 Nd4 38. h4 gxh4 39. gxh4 Rf8 40.
Re4 Kg7 41. Re3 Rdf7 42. Nd5 Rxf3+ 43. Rxf3 Rxf3+ 44. Kg2 Rf7 45. Nc3 Kh6 46. Kg3 Kh5 47.
Ne4 Rf3+ 48. Kg2 Kxh4 49. Nd6 Rf6 50. Ne4 Re6 51. Nc3 h5 52. Kf2 Kg4 53. Kg2 h4 54. Kh2 h3 55. Kh1 Re1+ 56. Kh2 Nf3# 0-1

[Event "Late-Titled-Tuesday-Blitz-March-12-2024"]
[Site "Chess.com"]
[Date "2024.03.12"]
[Round "3"]
[White "LeoWin2012"]
[Black "zverr1"]
[Result "0-1"]
[WhiteElo "2195"]
[BlackElo "2573"]
[TimeControl "180+1"]
[EndTime "14:28:03 PDT"]
[Termination "zverr1 won by checkmate"]

1. d4 Nf6 2. c4 g6 3. Nc3 d5 4.
cxd5 Nxd5 5. Nxd5 Qxd5 6. Nf3 Bg7 7. Bf4 c5 8. Rc1 O-O 9. Rxc5 Qxa2 10. Qc1 Nc6 11. e3 Nb4 12. Be2 Bg4 13. Qd2 Bxf3 14.
Bxf3 Qb1+ 15. Ke2 Qxh1 16. Rc1 Qxc1 17. Qxc1 Rac8 18. Qd1 Rc2+ 19. Kf1 Rfc8 20. e4 Na2 21. e5 Rc1 22. Bxc1 Rxc1 23. Qxc1 Nxc1 24. Bxb7 e6 25. f4 Nd3 26. g3 Nxb2 27. d5 exd5 28. Bxd5 Nd3 29. Ke2 Nc5 30. Kd2 Kf8 31. Kc3 Ke7 32. Kc4 Nd7 33. Kb5 Nb8 34. Bb3 f6 35. e6 f5 36. h3 h5 37. Kc5 Bc3 38. Kd5 Be1 39. g4 hxg4 40. hxg4 fxg4 41. Bd1 g3 42. Bf3 a5 43. Kc4 Kxe6 44. Kb5 Kf5 45. Bg2 Kxf4 46. Ka4 Ke3 47. Ka3 Kf2 48. Bc6 g2 49. Bxg2 Kxg2 50. Ka2 Bb4 51. Kb1 Kf3 52. Ka2 g5 53. Kb3 g4 54. Ka4 g3 55. Kb3 g2 56. Ka2 g1=Q 57. Kb3 Qc1 58. Ka4 Qc6+ 59. Kb3 a4+ 60. Kxb4 a3 61. Kxa3 Qb5 62. Ka2 Ke3 63. Ka1 Kd3 64. Ka2 Kc2 65. Ka1 Qa5# 0-1

[Event "Late-Titled-Tuesday-Blitz-March-12-2024"]
[Site "Chess.com"]
[Date "2024.03.12"]
[Round "3"]
[White "CarlosAlbornoz"]
[Black "Oleksandr_Bortnyk"]
[Result "1-0"]
[WhiteElo "2794"]
[BlackElo "3002"]
[TimeControl "180+1"]
[EndTime "14:28:04 PDT"]
[Termination "CarlosAlbornoz won on time"]

1. e4 Nf6 2. e5 Nd5 3. d4 d6 4. Nf3 dxe5 5. Nxe5 c6 6. Bc4 Nd7 7. Nf3 N7f6 8. O-O Bg4 9. h3 Bxf3 10. Qxf3 Nb6 11. Qd3 Nxc4 12. Qxc4 e6 13. c3 Be7 14.
Bg5 O-O 15. Bxf6 Bxf6 16. Nd2 Qd5 17. Qe2 Rfd8 18. Ne4 Be7 19. Rfe1 a5 20. a3 a4 21. Rad1 b5 22. Nd2 Bd6 23. Ne4 Be7 24. Nd2 Ra7 25. Nf3 Rad7 26. Ne5 Rd6 27. Nd3 R6d7 28. Nb4 Bxb4 29.
axb4 Ra8 30. Qe4 Qxe4 31. Rxe4 a3 32. Ra1 Rda7 33. b3 a2 34. Re2 Ra3 35. Rb2 Kf8 36.
Kf1 Ke7 37. Ke2 f5 38. Kd3 Kf6 39. c4 g5 40. Kc3 h5 41. Re2 g4 42. h4 f4 43. Re5 bxc4 44. Kxc4 Rh8 45. Ra5 Ra8 46. Rxh5 R3a7 47. Rg5 Rb7 48. Rxg4 Rab8 49. Rxf4+ Ke7 50.
Rxa2 Rxb4+ 51. Kd3 Rxb3+ 52. Ke4 Kd6 53. Rc2 R8b4 54.
Rf3 Rxf3 55. Kxf3 Rxd4 56. g4 c5 57. h5 Ra4 58. h6 Ra8 59. g5 Ra1 60. g6 Ke7 61. h7 1-0

[Event "Late-Titled-Tuesday-Blitz-March-12-2024"]
[Site "Chess.com"]
[Date "2024.03.12"]
[Round "3"]
[White "tptagain"]
[Black "Didici"]
[Result "1/2-1/2"]
[WhiteElo "2955"]
[BlackElo "2761"]
[TimeControl "180+1"]
[EndTime "14:28:05 PDT"]
[Termination "Game drawn - insufficient material"]

1. Nf3 d5 2. c4 c6 3. e3 Bg4 4.
cxd5 cxd5 5. Qb3 Qc7 6. Bb5+ Bd7 7. Nc3 e6 8. d4 a6 9. Bd3 Nc6 10. O-O Nf6 11. e4 dxe4 12. Nxe4 Nxe4 13. Bxe4 Be7 14. Be3 Na5 15. Qd1 Bc6 16. Rc1 Qd8 17. Bb1 O-O 18. Ne5 Bd5 19. Re1 Rc8 20. Qh5 f5 21. Bd2 Rxc1 22. Rxc1 Nc6 23. Nxc6 Bxc6 24. Bc3 Qd5 25. Qh3 Bf6 26. a3 Bxd4 27. Bxd4 Qxd4 28. Qc3 Qxc3 29.
Rxc3 Kf7 30. f3 Kf6 31. Bd3 Rc8 32. Kf2 e5 33. g3 g6 34. f4 Bd7 35. Rxc8 Bxc8 36.
h4 a5 37. Ke3 b6 38. b4 axb4 39. axb4 Bb7 40. Bc4 h6 41. Bb5 g5 42. hxg5+ hxg5 43. fxe5+ Kxe5 44. Bd7 f4+ 45. gxf4+ gxf4+ 46. Kd3 Bd5 47. Bg4 Kf6 48. Kd4 Bc6 49. Be2 Kf5 50. Bf1 Kg4 51. Ke5 Ba4 52. b5 Kf3 53. Kd6 Kf2 54. Bc4 Ke3 55. Kc6 f3 56. Kxb6 Bd1 57. Kc5 Be2 58.
b6 f2 59. Bxe2 Kxe2 60. b7 f1=Q 61. b8=Q Qc1+ 62. Kd5 Qd2+ 63. Kc6 Qc3+ 64. Kb7 Qb3+ 65. Kc8 Qxb8+ 66. Kxb8 1/2-1/2

[Event "Late-Titled-Tuesday-Blitz-March-12-2024"]
[Site "Chess.com"]
[Date "2024.03.12"]
[Round "3"]
[White "nindjaxx8"]
[Black "northridgehawk"]
[Result "1-0"]
[WhiteElo "2685"]
[BlackElo "2320"]
[TimeControl "180+1"]
[EndTime "14:28:06 PDT"]
[Termination "nindjaxx8 won by resignation"]

1. d4 Nf6 2. c4 g6 3. Nc3 d5 4. cxd5 Nxd5 5. e4 Nxc3 6. bxc3 Bg7 7. Be3 c5 8. Rc1 Nc6 9. Nf3 O-O 10. Be2 cxd4 11. cxd4 Qa5+ 12. Bd2 Qxa2 13. d5 Ne5 14. O-O Nxf3+ 15. Bxf3 Qa6 16. Qb3 e6 17. Rfd1 exd5 18. exd5 Bf5 19. Bf4 Rac8 20. Rxc8 Rxc8 21. d6 b6 22. Qe3 Qa4 23. h3 Rc3 24. Qe7 Qxf4 25. d7 Bxd7 26. Qd8+ Bf8 27. Qxd7 Rc7 28. Qd8 Rc1 29.
g3 Rxd1+ 30. Bxd1 Qe5 31. Qd7 Qe6 32. Qd3 Bc5 33. Kg2 a5 34. Bb3 Qf6 35. Qe2 Kg7 36.
h4 Qc6+ 37. Kg1 a4 38. Bc4 a3 39. Qe5+ Qf6 40. Qe2 Qd6 41. Kg2 Qd4 42. Ba2 b5 43.
Kg1 b4 44. Kg2 Qc3 45. Qe4 b3 46. Qd5 bxa2 47. Qxa2 Qb2 48. Qc4 Qxf2+ 49. Kh3 Qf5+ 50. g4 Bd6 51. gxf5 gxf5 52. Qd4+ Kg6 53. Qxd6+ f6 54. Qxa3 h5 55. Qf3 f4 56. Qxf4 1-0

[Event "Late-Titled-Tuesday-Blitz-March-12-2024"]
[Site "Chess.com"]
[Date "2024.03.12"]
[Round "3"]
[White "TenisMaster"]
[Black "Statham_01"]
[Result "1-0"]
[WhiteElo "2894"]
[BlackElo "2601"]
[TimeControl "180+1"]
[EndTime "14:28:07 PDT"]
[Termination "TenisMaster won by checkmate"]

1. e4 e5 2. Nf3 Nf6 3. d4 Nxe4 4. Bd3 d5 5. Nxe5 Nd7 6. Nc3 Bb4 7. O-O Nxe5 8. dxe5 Nxc3 9. bxc3 Bxc3 10. Rb1 O-O 11.
Bxh7+ Kxh7 12. Qd3+ Kg8 13. Qxc3 b6 14. Rb3 Bf5 15.
Qd2 Qe7 16. Re1 Rad8 17. Rg3 Bg6 18. c3 Qe6 19. h4 d4 20. cxd4 c5 21. Qg5 Qf5 22.
dxc5 bxc5 23. h5 Qxg5 24. Bxg5 f6 25. exf6 Bf7 26. fxg7 Rfe8 27. Rxe8+ Rxe8 28. h6 Re1+ 29. Kh2 Bxa2 30. Rd3 Kh7 31. Rd8 Bg8 32. g4 c4 33.
Be3 c3 34. Rc8 Be6 35. Rxc3 Bxg4 36. Rc7 Be6 37. Rxa7 Bg8 38. Kg3 Rb1 39. Rc7 Rb5 40. Kg4 Rd5 41. Bg5 Be6+ 42. Kh4 Rd4+ 43. f4 Bg8 44. Re7 Rd3 45. Kg4 Rd4 46. Re8 Rc4 47.
Kf5 Rd4 48. Ke5 Rd5+ 49. Ke4 Rb5 50. f5 Rb4+ 51. Ke5 Rb5+ 52. Kf4 Rb4+ 53. Kg3 Rb3+ 54.
Kg4 Rb4+ 55. Bf4 Rb6 56. Rf8 Rc6 57. f6 Be6+ 58. Kh4 Rc3 59. f7 Rh3+ 60. Kg5 Bxf7 61. Rh8# 1-0

[Event "Late-Titled-Tuesday-Blitz-March-12-2024"]
[Site "Chess.com"]
[Date "2024.03.12"]
[Round "3"]
[White "Der_Balak_3Halak"]
[Black "SaqoChess_Twitch"]
[Result "0-1"]
[WhiteElo "2453"]
[BlackElo "2646"]
[TimeControl "180+1"]
[EndTime "14:28:08 PDT"]
[Termination "SaqoChess_Twitch won by checkmate"]

1. e4 c5 2. Nf3 d6 3. Bb5+ Bd7 4.
Bxd7+ Qxd7 5. O-O Nc6 6. c3 Nf6 7. Re1 e6 8. d4 cxd4 9. cxd4 d5 10. e5 Ne4 11. a3 Be7 12. Qd3 O-O 13. Nc3 Nxc3 14. bxc3 Rfc8 15. Re3 Na5 16. Nd2 Nc4 17.
Rh3 g6 18. Nxc4 dxc4 19. Qg3 b5 20. Bg5 Bxg5 21. Qxg5 Rf8 22. Rb1 a6 23. Re1 Ra7 24. Re4 Qd8 25. Qg3 f5 26. exf6 Qxf6 27. f3 Rd8 28.
Qg4 Re7 29. Rf4 Qg7 30. Qg5 e5 31. Re4 Rde8 32. d5 Rd7 33. Reh4 h5 34. g4 Rxd5 35. gxh5 Qa7+ 36. Kg2 Red8 37. Qxg6+ Kh8 38. Qh6+ Qh7 39. Qf6+ Qg7+ 40. Qxg7+ Kxg7 41. h6+ Kh7 42. Rg4 Rd2+ 43. Kg3 R2d3 44. Rg7+ Kh8 45. Re7 Rf8 46. Kg4 Rxc3 47. Rxe5 Rc1 48. f4 Rg1+ 49. Rg3 Rf1 50. f5 Rf7 51. Kg5 Kh7 52. Rge3 Rf2 53. Re7 Rxf5+ 54.
Kg4 Kxh6 55. R3e6+ R7f6 56. Re8 Kg7 57. R6e7+ Rf7 58.
Re6 R5f6 59. Re5 Rg6+ 60. Kh5 Rh6+ 61. Kg5 Rxh2 62. R5e7 Rg2+ 63. Kh5 Rxe7 64. Rxe7+ Kf6 65. Rc7 Ke5 66. Kh4 Kd4 67. a4 bxa4 68. Kh3 Rb2 69. Rd7+ Kc3 70. Rc7 a3 71. Kg3 a2 72. Kf3 a1=Q 73. Ke3 Qe1+ 74. Kf3 Rf2+ 75. Kg3 Qg1+ 76. Kh3 Rh2# 0-1

[Event "Late-Titled-Tuesday-Blitz-March-12-2024"]
[Site "Chess.com"]
[Date "2024.03.12"]
[Round "3"]
[White "Durarbayli"]
[Black "ArtemDyachuk"]
[Result "1-0"]
[WhiteElo "2998"]
[BlackElo "2696"]
[TimeControl "180+1"]
[EndTime "14:28:12 PDT"]
[Termination "Durarbayli won on time"]

1. c4 Nf6 2. Nc3 g6 3. g3 Bg7 4. Bg2 O-O 5. d4 d6 6. Nf3 Nc6 7. b3 Bf5 8. Bb2 Ne4 9. Nd5 Nf6 10. Ne3 Be4 11. O-O d5 12. Rc1 e6 13. Bh3 dxc4 14. Rxc4 Bxf3 15. exf3 Ne7 16. f4 c6 17. Re1 Re8 18.
Bg2 Nf5 19. Rc2 Nd5 20. Rd2 Qb6 21. Nc4 Qa6 22. Bf1 Red8 23. a4 b5 24. Ne5 Qb7 25.
axb5 cxb5 26. Bg2 a5 27. h4 h5 28. Be4 a4 29. bxa4 bxa4 30. g4 hxg4 31. Qxg4 a3 32.
Ba1 Qb4 33. Qd1 Bh6 34. Nc6 Qd6 35. Nxd8 Rxd8 36. Bxd5 Qxd5 37. Qg4 Qd6 38. d5 Qxf4 39. Qxf4 Bxf4 40. Rd3 exd5 41. h5 d4 42. hxg6 fxg6 43. Rxa3 d3 44. Rd1 d2 45. Bc3 Rd3 46. Bb4 Rd4 47. Bc3 Rd3 48. Kf1 Rh3 49. Kg2 Rd3 50. Bb4 Rd4 51. Ba5 Rd5 52. Bb4 Rd4 53. Rb3 g5 54.
Kf1 Nh4 55. Ke2 Re4+ 56. Kf1 Rd4 57. Ba5 Rd5 58. Bb6 Kf7 59. Be3 Bxe3 60. Rxe3 1-0

[Event "Late-Titled-Tuesday-Blitz-March-12-2024"]
[Site "Chess.com"]
[Date "2024.03.12"]
[Round "3"]
[White "RebelJohnny"]
[Black "Moultino06"]
[Result "0-1"]
[WhiteElo "2545"]
[BlackElo "2821"]
[TimeControl "180+1"]
[EndTime "14:28:14 PDT"]
[Termination "Moultino06 won by resignation"]

1. e4 Nf6 2. Nc3 d5 3. e5 Nfd7 4. e6 fxe6 5. d4 c5 6. Nf3 Nc6 7. Bb5 g6 8. dxc5 Bg7 9. Be3 O-O 10. O-O Nde5 11. Nxe5 Nxe5 12. Bd4 Bd7 13. Re1 Nc6 14.
Bxc6 bxc6 15. Bxg7 Kxg7 16. Qd4+ Rf6 17. Rad1 Qb8 18.
b3 Qf4 19. g3 Qf5 20. Rd2 Rf8 21. f4 Kg8 22. Re5 Qg4 23. Rf2 h6 24. Nd1 Rxf4 25.
Rxf4 Rxf4 26. Qxf4 Qxd1+ 27. Kg2 Qxc2+ 28. Qf2 Qc3 29. Qe3 Qb2+ 30. Qe2 Qb1 31. Qd2 Kg7 32. Re1 Qf5 33.
Qd4+ Qf6 34. Qe5 Qxe5 35. Rxe5 Kf6 36. Re1 e5 37. Kf3 d4 38. g4 h5 39. gxh5 gxh5 40. h4 Bg4+ 41. Ke4 Bf5+ 42. Kf3 e4+ 43. Kf4 e5+ 44.
Kg3 e3 45. b4 Bg4 46. a4 d3 47. Rxe3 d2 48. Rd3 d1=Q 49. Rxd1 Bxd1 50. b5 Bg4 51. b6 axb6 52. cxb6 Bc8 53. Kf3 Kf5 54. Ke3 c5 55.
Kd3 Ba6+ 56. Kc3 e4 57. Kd2 Kf4 0-1

[Event "Late-Titled-Tuesday-Blitz-March-12-2024"]
[Site "Chess.com"]
[Date "2024.03.12"]
[Round "3"]
[White "Yeritsyaan"]
[Black "ccccvhhhj"]
[Result "1/2-1/2"]
[WhiteElo "2643"]
[BlackElo "2462"]
[TimeControl "180+1"]
[EndTime "14:28:15 PDT"]
[Termination "Game drawn - insufficient material"]

1. b3 e5 2. Bb2 Nc6 3. e3 d5 4. Bb5 Bd6 5. Nf3 Qe7 6. d4 e4 7. Ne5 Bd7 8. Nxd7 Qxd7 9. c4 Nf6 10. Nc3 Bb4 11. O-O Bxc3 12. Bxc3 O-O 13. Rc1 a6 14. Bxc6 Qxc6 15. Bb4 Rfe8 16. cxd5 Qd7 17. d6 cxd6 18. d5 Re5 19. Bc3 Rxd5 20. Qc2 Rd3 21.
Bxf6 gxf6 22. Qc7 Rd8 23. Qxd7 Rxd7 24. Rc2 Kf8 25. Rfc1 Ke7 26. Kf1 Rd5 27. Ke2 Rh5 28. h3 Rg5 29. g3 Ra5 30. Rd1 f5 31. Rdd2 Rc5 32. b4 Rxc2 33. Rxc2 Kd8 34. Rd2 d5 35. Kd1 Kc7 36. Kc2 Kd6 37. Kb3 Rc7 38. a4 b5 39.
axb5 axb5 40. Ra2 Rc1 41. Ra6+ Ke5 42. Ra2 h5 43. h4 Rb1+ 44. Kc3 Rf1 45. Rd2 Rc1+ 46.
Kb2 Rc4 47. Kb3 d4 48. exd4+ Rxd4 49. Ra2 Rd3+ 50. Kc2 Rf3 51. Kd1 Kd4 52. Ke2 Kc4 53. Ra7 Kxb4 54. Rxf7 Ka3 55. Rh7 b4 56. Rxh5 b3 57.
Rh8 b2 58. Ra8+ Kb3 59. Rb8+ Ka2 60. h5 b1=Q 61. Rxb1 Kxb1 62. h6 Rc3 63. h7 Rc8 64. Ke3 Rh8 65. Kf4 Rxh7 66. Kxf5 Rf7+ 67. Kxe4 Rxf2 68. g4 Kc2 69. g5 Kc3 70. g6 Rg2 71. Kf5 Kd4 72. Kf6 Rf2+ 73. Ke6 Re2+ 74. Kf6 Rf2+ 75.
Ke6 Rg2 76. Kf6 Kd5 77. g7 Kd6 78. Kf7 Rf2+ 79. Ke8 Re2+ 80. Kf7 Rf2+ 81. Ke8 Rg2 82. Kf7 Rxg7+ 83. Kxg7 1/2-1/2

[Event "Late-Titled-Tuesday-Blitz-March-12-2024"]
[Site "Chess.com"]
[Date "2024.03.12"]
[Round "3"]
[White "MyDream003"]
[Black "shimastream"]
[Result "1/2-1/2"]
[WhiteElo "2763"]
[BlackElo "2967"]
[TimeControl "180+1"]
[EndTime "14:28:18 PDT"]
[Termination "Game drawn - insufficient material"]

1. e4 b6 2. d4 Bb7 3. Bd3 e6 4. Nf3 c5 5. c3 Nf6 6. e5 Nd5 7.
O-O cxd4 8. cxd4 Be7 9. Qe2 d6 10. exd6 Qxd6 11. Nc3 Nxc3 12. bxc3 Nd7 13. a4 Qc7 14. c4 O-O 15. Bb2 Bf6 16. Rfd1 Rfd8 17. a5 Nf8 18. axb6 axb6 19. Rxa8 Bxa8 20. Ne5 Ng6 21.
Nxg6 hxg6 22. Bb1 Qc6 23. f3 Qc7 24. Be4 Bc6 25. d5 Bd7 26. Bxf6 gxf6 27. dxe6 Bxe6 28.
Rxd8+ Qxd8 29. Bd5 Bf5 30. Qd2 Kg7 31. h3 Qd6 32. Qd4 Qg3 33. Qxb6 Qe1+ 34. Kh2 Qe5+ 35. Kg1 Qe1+ 36. Kh2 g5 37. Qg1 Qe5+ 38. Kh1 Bd3 39.
Qd1 Qc3 40. Qg1 Bxc4 41. Bxc4 Qxc4 42. Qe1 Qd4 43. Qg3 Kg6 44. Kh2 f5 45. Qe1 Qd6+ 46. Kh1 Kf6 47. Qa1+ Kg6 48. Qf1 Qf4 49. Qg1 Kh5 50.
Qf1 Qe3 51. Kh2 Qe5+ 52. g3 Qb2+ 53. Qg2 Qd4 54. Qe2 Kg6 55. Kg2 Kf6 56. Qc2 Qd6 57.
Qb2+ Kg6 58. Qc2 Kf6 59. Qb2+ Ke6 60. Qc2 Qd5 61. Qe2+ Kf6 62. Qc2 g4 63. hxg4 fxg4 64. Qc3+ Kg6 65. Qe3 Qa2+ 66. Qf2 Qd5 67. Qe3 f6 68.
Kf2 Qa2+ 69. Qe2 Qxe2+ 70. Kxe2 Kf5 71. fxg4+ Kxg4 72. Kf2 f5 73. Kg2 f4 74. gxf4 Kxf4 1/2-1/2

[Event "Late-Titled-Tuesday-Blitz-March-12-2024"]
[Site "Chess.com"]
[Date "2024.03.12"]
[Round "3"]
[White "jstopa4"]
[Black "Angry_Twin"]
[Result "0-1"]
[WhiteElo "2747"]
[BlackElo "2960"]
[TimeControl "180+1"]
[EndTime "14:28:19 PDT"]
[Termination "Angry_Twin won by resignation"]

1. d4 Nf6 2. c4 e6 3. Nf3 d5 4. g3 Bb4+ 5. Bd2 Be7 6. Qc2 O-O 7.
Bg2 Nbd7 8. O-O c6 9. Bf4 b6 10.
Rd1 Ba6 11. Nbd2 Nh5 12. Be5 Nhf6 13. Qa4 Bxc4 14. Nxc4 b5 15. Qa6 bxc4 16. Qxc6 Qb6 17. Qxb6 axb6 18. a3 b5 19. Ne1 Nb6 20. Nc2 Na4 21.
Rab1 c3 22. b4 Nb2 23. Rdc1 Rfc8 24. h3 Nd7 25. Bf4 f5 26. h4 Nb6 27. h5 N6c4 28. Ra1 Ra4 29. g4 fxg4 30. e4 Nd3 31. Be3 Nxe3 32. fxe3 Nxc1 33. Rxc1 dxe4 34. Bxe4 Bg5 35. Kf2 Ra7 36. Rg1 Rf8+ 37. Ke2 Raf7 38. Rxg4 Rf2+ 39. Kd3 Rc8 40. Rg2 Rxg2 41. Bxg2 Kf7 42.
Bb7 Rb8 43. Be4 g6 44. hxg6+ hxg6 45. Kxc3 Be7 46. Ne1 g5 47. Nf3 Bf6 48. Nh2 Ke7 49. Ng4 Bg7 50. Kd3 Kd6 51. Bf3 Rc8 52. e4 e5 53. dxe5+ Bxe5 54. Ne3 Rc3+ 55. Ke2 Rxa3 56. Nd5 Bd4 57. Bh5 Ke5 58. Nc7 Kxe4 59. Bg6+ Ke5 60.
Nxb5 Re3+ 61. Kf1 Bb6 62. Kg2 Rb3 63. Be8 Rxb4 64. Kg3 Kf6 65. Bc6 Bd4 66. Kg2 Be5 67.
Na7 g4 68. Bd7 Rb2+ 69. Kg1 Bd4+ 0-1

[Event "Late-Titled-Tuesday-Blitz-March-12-2024"]
[Site "Chess.com"]
[Date "2024.03.12"]
[Round "3"]
[White "kleber2007"]
[Black "Meri-Arabidze"]
[Result "0-1"]
[WhiteElo "2527"]
[BlackElo "2708"]
[TimeControl "180+1"]
[EndTime "14:28:19 PDT"]
[Termination "Meri-Arabidze won by resignation"]

1. Nf3 Nf6 2. g3 b6 3. Bg2 Bb7 4. c4 g6 5. b3 Bg7 6. Bb2 O-O 7.
O-O e6 8. d4 d5 9. cxd5 exd5 10. Nc3 Na6 11. Rc1 c5 12. e3 Re8 13. Ne5 Ne4 14.
Nxe4 dxe4 15. Nc4 cxd4 16. Bxd4 Bxd4 17. Qxd4 Qxd4 18. exd4 Rad8 19. Rfd1 Nb4 20. a3 Nd5 21. Ne3 f5 22. Bf1 Re7 23. Bc4 Kg7 24. Bxd5 Bxd5 25. Rc3 Bf7 26. h4 Red7 27. b4 Rxd4 28. Rxd4 Rxd4 29.
Rc7 a5 30. bxa5 bxa5 31. h5 Rd3 32. h6+ Kf6 33. Rc6+ Be6 34. Rc7 Rd7 35. Rc5 a4 36. Ra5 Bb3 37. Kg2 Kg5 38. Ra6 Rf7 39.
f4+ Kxh6 40. g4 fxg4 41. Nxg4+ Kg7 42. Kg3 Rc7 43. Ne3 Rc3 44. Kf2 Rd3 45. f5 gxf5 46.
Nxf5+ Kf7 47. Ne3 h5 48. Rh6 Be6 49. Rxh5 Rxa3 50. Re5 Ra2+ 51. Kg3 a3 52. Rxe4 Re2 53. Kf3 a2 54. Ra4 Rb2 55. Ra7+ Kf6 56. Ra6 Ke7 57. Ke4 Rb1 58. Ra7+ Kd8 59. Ra8+ Kc7 60. Ra7+ Kb6 61.
Re7 a1=Q 62. Rxe6+ Kc7 63. Nd5+ Kd7 64. Re7+ Kd6 65. Rd7+ Kxd7 66. Nf6+ Qxf6 0-1

[Event "Late-Titled-Tuesday-Blitz-March-12-2024"]
[Site "Chess.com"]
[Date "2024.03.12"]
[Round "3"]
[White "KyronGriffith"]
[Black "ShahMatKanal"]
[Result "1/2-1/2"]
[WhiteElo "2682"]
[BlackElo "2500"]
[TimeControl "180+1"]
[EndTime "14:28:19 PDT"]
[Termination "Game drawn by repetition"]

1. e4 c6 2. d4 d5 3. e5 Bf5 4. h4 h5 5. Bd3 Bxd3 6. Qxd3 e6 7.
Ne2 Ne7 8. Bg5 Qb6 9. Nd2 Nd7 10. O-O Nf5 11. b3 Bb4 12. c3 Be7 13. Bxe7 Nxe7 14. c4 Nf5 15. Nf3 Qa6 16. Rfc1 g6 17. Nf4 O-O 18.
g3 Kg7 19. Kg2 dxc4 20. bxc4 Rfd8 21. Qc3 Rac8 22. Rd1 b5 23. c5 Nf8 24. Ng5 Rd7 25.
Ne4 Rcd8 26. Nd6 Nh7 27. Rd2 Qa4 28. Rad1 a5 29. a3 Nxd6 30. exd6 b4 31. axb4 axb4 32. Qe3 Re8 33. Nd3 f6 34. Rb1 Rb7 35. Rdb2 b3 36.
Nf4 e5 37. dxe5 Rxe5 38. Qc3 Qe4+ 39. f3 Qf5 40. Rxb3 Rxb3 41. Rxb3 Rxc5 42. Rb7+ Kh6 43. Qd3 Rc2+ 44. Kf1 Qxd3+ 45. Nxd3 Rd2 46. Rb3 Nf8 47.
Ke1 Rg2 48. Rc3 Rxg3 49. Kf2 Rh3 50. Rxc6 Rxh4 51. Ke3 Nd7 52. Rc7 Nb6 53. Rb7 Nd5+ 54. Kf2 Rd4 55. Nc5 Nf4 56. d7 g5 57. Rb6 Rd2+ 58.
Ke1 Rd4 59. Rxf6+ Kg7 60. Rf5 Kg6 61. Re5 Nd3+ 62. Nxd3 Rxd3 63. Re7 Kf6 64. Rh7 Kg6 65. Re7 Kf6 66. Rh7 Kg6 67. Re7 1/2-1/2

[Event "Late-Titled-Tuesday-Blitz-March-12-2024"]
[Site "Chess.com"]
[Date "2024.03.12"]
[Round "3"]
[White "VojtechPlat"]
[Black "Firouzja2003"]
[Result "0-1"]
[WhiteElo "2862"]
[BlackElo "3143"]
[TimeControl "180+1"]
[EndTime "14:28:21 PDT"]
[Termination "Firouzja2003 won by resignation"]

1. e4 c6 2. Nf3 d5 3. d3 g6 4.
e5 c5 5. d4 Nc6 6. Bb5 Bg4 7.
dxc5 e6 8. Be3 Nh6 9. h3 Bxf3 10. Qxf3 Nf5 11. Nd2 Qa5 12. Bxc6+ bxc6 13. c3 Nxe3 14.
Qxe3 Bxc5 15. Qh6 Bf8 16. Qe3 Qb6 17. Qxb6 axb6 18. Ke2 Kd7 19. a4 Be7 20. Ra2 c5 21.
Rha1 c4 22. b3 cxb3 23. Nxb3 Rhc8 24. Kd3 Rc4 25. Nd2 Rf4 26. f3 Rf5 27. g4 Rf4 28. a5 b5 29. a6 Bc5 30. Ke2 Kc6 31. Nb3 Bb6 32. a7 Kb7 33. Na5+ Kc7 34. Nb3 b4 35.
cxb4 Rxb4 36. Rc2+ Kb7 37. Nc5+ Bxc5 38. Rxc5 Rxa7 39.
Rxa7+ Kxa7 40. Rc6 Rb6 41. Rc5 Kb7 42. Ke3 g5 43. Rc3 Rb4 44. Rc5 Rb3+ 45. Ke2 Rb2+ 46.
Ke3 Rh2 47. Rb5+ Kc7 48. Ra5 Kd7 49. Ra7+ Ke8 50. Ra8+ Ke7 51. Rg8 h6 52. Ra8 Rxh3 53.
Rb8 h5 54. gxh5 Rxh5 55. Rg8 g4 56. f4 Rh3+ 57. Kd4 f5 58. Rg7+ Kf8 59. Rg6 Kf7 60.
Rf6+ Ke7 61. Rg6 Rf3 62. Kc5 Rxf4 63. Rg7+ Kf8 64. Rg6 Kf7 65. Rf6+ Ke7 66. Rg6 Rc4+ 0-1

[Event "Late-Titled-Tuesday-Blitz-March-12-2024"]
[Site "Chess.com"]
[Date "2024.03.12"]
[Round "3"]
[White "The_Straightforward_Rook"]
[Black "Fh2411"]
[Result "0-1"]
[WhiteElo "2456"]
[BlackElo "2652"]
[TimeControl "180+1"]
[EndTime "14:28:22 PDT"]
[Termination "Fh2411 won by resignation"]

1. c4 c6 2. d4 d5 3. Nf3 Nf6 4.
cxd5 cxd5 5. Nc3 Nc6 6. Bf4 a6 7. Ne5 e6 8. e3 Nxe5 9. Bxe5 Be7 10.
Bd3 O-O 11. O-O Bd7 12. Rc1 Rc8 13. Bb1 Qb6 14. Qd3 g6 15. Qe2 Bb5 16. Nxb5 Qxb5 17. Qxb5 axb5 18. Bd3 b4 19. b3 Rc3 20. Rxc3 bxc3 21.
Rc1 Rc8 22. f3 Ba3 23. Rc2 Nd7 24. Bg3 Bb2 25. Kf1 Nb8 26. Bb5 Nc6 27. Bxc6 Rxc6 28. Ke2 b5 29. a4 bxa4 30. bxa4 Ra6 31. Be1 Rxa4 32. Bxc3 Bxc3 33. Rxc3 Ra2+ 34. Kf1 h5 35. Rc1 h4 36. Re1 h3 37. Re2 Ra1+ 38. Kf2 Rh1 39.
Kg3 hxg2 40. Rxg2 Rd1 41. h4 Kh7 42. Kf4 Rh1 43. Kg5 Kg7 44. Kg4 Kh6 45. e4 Rd1 46. Kf4 Rxd4 47. Ke5 Rd3 48. f4 Re3 49. Kf6 Rxe4 50.
Kxf7 Rxf4+ 51. Kxe6 d4 52. Ke5 Rxh4 53. Rd2 Kh5 54.
Kf6 g5 55. Rg2 Rf4+ 56. Ke5 Kh4 57. Rh2+ Kg3 58. Rh1 d3 59. Rg1+ Kf3 60. Rf1+ Ke2 61. Rg1 d2 0-1